 Dungeon Crawl Stone Soup version 0.20-a0-351-gc9b4002 (webtiles) character file.

877 terra53 the Shield-Bearer (level 8, 0/49 HPs)
             Began as a Gargoyle Fighter on Dec 25, 2016.
             Was an Initiate of Gozag.
             Slain by Prince Ribbit (13 damage)
             ... on level 5 of the Dungeon.
             The game lasted 00:21:03 (4367 turns).

terra53 the Shield-Bearer (Gargoyle Fighter)        Turns: 4367, Time: 00:21:04

Health: 0/49       AC: 13    Str: 22    XL:     8   Next: 4%
Magic:  8/8        EV:  8    Int:  9    God:    Gozag
Gold:   442        SH: 10    Dex:  9    Spells: 7/7 levels left

rFire  . . .     SeeInvis +     a - +0 flail
rCold  . . .     Gourm    .     b - +0 scale mail
rNeg   + . .     Faith    .     c - +0 shield
rPois  ∞         Spirit   .     C - +0 helmet
rElec  +         Reflect  .     (no cloak)
rCorr  .         Harm     .     (no gloves)
MR     .....                    (no boots)
Stlth  ..........               (no amulet)
                                y - ring of see invisible
                                h - ring of flight

@: exhausted, hasted and slowed
A: negative energy resistance 1, electricity resistance, unbreathing,
petrification resistance, rot immunity, AC +5
a: Potion Petition, Call Merchant, Bribe Branch, Renounce Religion, Evoke Flight


You were on level 5 of the Dungeon.
You worshipped Gozag.
Gozag was aware of your devotion.
You were not hungry.

You visited 2 branches of the dungeon, and saw 7 of its levels.

You collected 525 gold pieces.
You paid 83 gold pieces to Gozag.

Inventory:

Hand Weapons
 a - a +0 flail (weapon)
Armour
 b - a +0 scale mail (worn)
 c - a +0 shield (worn)
 C - a +0 helmet (worn)
Jewellery
 h - a ring of flight (left hand)
 y - a ring of see invisible (right hand)
Wands
 n - a wand of acid (5/15)
 z - a wand of paralysis (16/24)
 D - a wand of polymorph (15/24)
Scrolls
 g - a scroll of recharging {unknown}
 i - a scroll of immolation {unknown}
 j - a scroll of remove curse
 k - a scroll of blinking {unknown}
 l - 2 scrolls of identify
 m - 5 scrolls of random uselessness {unknown}
 o - 6 scrolls of magic mapping {unknown}
 r - 2 scrolls of teleportation {unknown}
 s - 2 scrolls of enchant weapon {unknown}
 u - a scroll of acquirement {unknown}
 v - a scroll of amnesia {unknown}
Potions
 d - a potion of might
 e - 3 potions of curing
 q - 2 potions of cure mutation
 x - a potion of agility {unknown}
Comestibles
 f - 4 bread rations
 A - 2 meat rations


   Skills:
 + Level 5.0 Fighting
 + Level 5.3 Maces & Flails
 + Level 5.3 Armour
 + Level 1.9 Dodging
 + Level 0.5 Stealth
 + Level 5.5 Shields
 + Level 0.3 Evocations


You had 7 spell levels left.
You didn't know any spells.

Dungeon Overview and Level Annotations

Branches:
Dungeon (6/15)             Temple (1/1) D:4

Altars:
Ashenzari
Cheibriados
Dithmenos
Elyvilon
Fedhas
Gozag
Hepliaklqana
Kikubaaqudgha
Makhleb
Nemelex Xobeh
Okawaru
Ru
Sif Muna
Trog
Uskayaw
Vehumet
Xom
Yredelemnul
Zin
The Shining One

Shops:
D:5 %

Annotations:
D:5 Prince Ribbit


Innate Abilities, Weirdness & Mutations

You are resistant to torment.
Your stone body is resilient. (AC +5)
You are immune to poison.
You resist negative energy. (rN+)
You are resistant to electric shocks. (rElec)
You can survive without breathing.
You are immune to petrification.
You are immune to rotting.


Message History

You barely miss Prince Ribbit.
Prince Ribbit is moderately wounded.
Prince Ribbit hits you but does no damage.
Prince Ribbit catches a blue-tailed skink with his tongue.
Prince Ribbit hits you but does no damage.
Prince Ribbit completely misses you.
You sock Prince Ribbit!
Prince Ribbit is heavily wounded.
You feel less wooden.
Your +0 helmet unmelds from your body.
Your +0 scale mail unmelds from your body.
You block Prince Ribbit's attack.
Prince Ribbit hits you but does no damage.
Okay, then.
Okay, then.
You feel yourself speed up. Prince Ribbit hits you.
* * * LOW HITPOINT WARNING * * *
Prince Ribbit hits you!
You die...
Your body crumbles into a pile of gold.

.## ##.# ##......(##
## ## ##..#
##.........## #. #
##...##
##..##.......# #. #
##.....#
##..####......# #.
###......## ##..##
###...## ##.
.#........# ##..##
##### #..
..........###....##
#..
#.........##...)F)##
##..
..........#..#..@..#
######...
.............##....#
###........
...........>###...##
##......)...
...........## #..##
#...........
...........# ####
##...........
....[......##
##............
#...........#
#.............
###.......<.##
##............#
###........##
##.............#


You could see Prince Ribbit.

Vanquished Creatures
  A phantom (D:4)
  A sky beast (D:5)
  An ogre (D:5)
  5 killer bees
  A hound (D:4)
  An orc priest (D:4)
  A centaur skeleton (D:4)
  2 orc wizards (D:4)
  An iguana (D:4)
  A worker ant (D:4)
  Robin (D:4)
  A gnoll (D:1)
  6 adders
  A worm (D:2)
  A dart slug (D:2)
  7 leopard geckos
  11 orcs
  5 ball pythons
  7 bats
  7 giant cockroaches
  19 goblins
  7 hobgoblins
  8 jackals
  8 kobolds
  A quokka (D:5)
  5 frilled lizards
  4 rats
114 creatures vanquished.

Notes
Turn   | Place    | Note
-------+----------+-------------------------------------------
     0 | D:1      | terra53 the Gargoyle Fighter began the quest for the Orb.
     0 | D:1      | Reached XP level 1. HP: 14/14 MP: 1/1
    13 | D:1      | Reached XP level 2. HP: 16/20 MP: 2/2
   694 | D:1      | Reached XP level 3. HP: 23/24 MP: 3/3
   851 | D:2      | Found a glowing golden altar of the Shining One.
  1128 | D:2      | Found a white marble altar of Elyvilon.
  1135 | D:2      | Became a worshipper of Elyvilon the Healer
  1371 | D:2      | Found a sparkling altar of Nemelex Xobeh.
  1393 | D:2      | Reached XP level 4. HP: 29/29 MP: 4/4
  1507 | D:2      | Reached * piety under Elyvilon
  1985 | D:3      | Found a blossoming altar of Fedhas.
  2274 | D:4      | Reached XP level 5. HP: 28/33 MP: 5/5
  2283 | D:4      | Noticed Robin
  2334 | D:4      | Killed Robin
  2363 | D:4      | Found a radiant altar of Vehumet.
  2366 | D:4      | Found a basalt altar of Yredelemnul.
  2448 | D:4      | Reached ** piety under Elyvilon
  2572 | D:4      | Reached XP level 6. HP: 13/39 MP: 4/6
  2905 | D:4      | Noticed a phantom
  2963 | D:4      | Killed a phantom
  2963 | D:4      | Reached skill level 1 in Dodging
  2963 | D:4      | Reached XP level 7. HP: 27/44 MP: 7/7
  3013 | D:4      | Found a blossoming altar of Fedhas.
  3025 | D:4      | Found a bloodstained altar of Trog.
  3025 | D:4      | Found a burning altar of Makhleb.
  3057 | D:4      | Found a staircase to the Ecumenical Temple.
  3077 | Temple   | Entered the Ecumenical Temple
  3146 | Temple   | Fell from the grace of Elyvilon
  3146 | Temple   | Became a worshipper of Gozag Ym Sagoz the Greedy
  3420 | D:5      | Entered Level 5 of the Dungeon
  3444 | D:5      | Found Siogim's Food Emporium.
  3566 | D:5      | Reached skill level 5 in Maces & Flails
  3572 | D:5      | Reached skill level 5 in Shields
  3595 | D:5      | Reached skill level 5 in Armour
  3713 | D:5      | Reached skill level 5 in Fighting
  3814 | D:5      | Reached XP level 8. HP: 46/49 MP: 8/8
  4303 | D:6      | Noticed Prince Ribbit
  4367 | D:5      | Slain by Prince Ribbit

Vault maps used:
D:1:      lightli_arrival_maybe_door_vault, minivault_11, minmay_domino_2
D:2:      nemelex_altar_shiori, lemuel_coloured_pillars_altar, elyvilon_altar_4
D:3:      first_bread, fedhas_altar_1
D:4:      nicolae_overflow_hidden_temple, uniq_robin
D:5:      serial_shops, shop_fountains
D:6:      serial_corexii_hall, corexii_hall_statues_t, corexii_hall_statues_l,
          st_stairs_9, lemuel_oklob_altar, uniq_prince_ribbit1,
          uniq_crazy_yiuf_cottage
Temple:   nicolae_temple_hex_pool

Skill      XL: |  1  2  3  4  5  6  7 |
---------------+----------------------+-----
Shields        | 4 5 |  5.5
Fighting       | 4 5 |  5.0
Maces & Flails | 3 4 5 |  5.3
Armour         | 4 5 |  5.3
Dodging        | 1 |  1.9
Stealth        | |  0.5
Evocations     | |  0.3

Action                   |  1- 3 |  4- 6 |  7- 9 || total
-------------------------+-------+-------+-------++-------
Melee: Flail             |   147 |   198 |   196 ||   541
Invok: Lesser Healing    |       |     3 |       ||     3
 Abil: Evoke Flight      |     1 |       |       ||     1
Evoke: Wand              |       |       |     1 ||     1
  Use: Scroll            |       |     1 |     6 ||     7
       Potion            |       |       |     5 ||     5
  Eat: Chunk             |     2 |     5 |     2 ||     9
       Pizza             |       |       |     3 ||     3
Armor: Scale mail        |    83 |   123 |   116 ||   322
       Skin              |       |       |    10 ||    10
Dodge: Dodged            |    48 |    66 |    86 ||   200
Block: Shield            |   102 |    84 |   141 ||   327
